 Dungeon Crawl Stone Soup version 0.29-a0-43-g62a80824bf (webtiles) character file.

Game seed: 15646590348368448915

816 DuloT34 the Slasher (level 7, 0/47 HPs)
             Began as a Tengu Berserker on Feb 2, 2022.
             Was a Believer of Trog.
             Succumbed to a water moccasin's poison
             ... on level 5 of the Dungeon.
             The game lasted 00:10:24 (5601 turns).

DuloT34 the Slasher (Tengu Berserker)               Turns: 5601, Time: 00:10:25

Health: 0/47       AC:  5    Str: 17    XL:     7   Next: 94%
Magic:  8/8        EV: 13    Int:  7    God:    Trog [**....]
Gold:   182        SH:  0    Dex: 16    Spells: 6/6 levels left

rFire   . . .      SeeInvis .   a - +1 falchion
rCold   . . .      Faith    .   (no shield)
rNeg    . . .      Spirit   .   h - +0 ring mail
rPois   .          Reflect  .   (helmet restricted)
rElec   .          Harm     .   (no cloak)
rCorr   .          Rampage  .   (no gloves)
Will    .....                   (boots unavailable)
Stlth   +.........              (no amulet)
HPRegen 0.15/turn               (no ring)
MPRegen 0.11/turn               (no ring)

@: lethally poisoned (0 -> -9), flying quickly and evasively, quick
A: beak, talons 3, nimble flight
a: Renounce Religion, Berserk, Trog's Hand


You were on level 5 of the Dungeon.
You worshipped Trog.
Trog was pleased with you.
You visited 1 branch of the dungeon, and saw 5 of its levels.

You collected 182 gold pieces.

Inventory:

Hand Weapons
 a - a +1 falchion (weapon)
Armour
 b - a +0 animal skin
 h - a +0 ring mail (worn)
Jewellery
 f - a +4 ring of protection
Scrolls
 e - 3 scrolls of teleportation
 i - 4 scrolls of identify
Potions
 c - 3 potions of curing
 d - 2 potions of heal wounds {unknown}


   Skills:
 + Level 6.8 Fighting
 + Level 7.4 Long Blades
 - Level 2.1 Armour
 - Level 2.1 Dodging


You had 6 spell levels left.
You didn't know any spells.
Your spell library contained the following spells:

 Spells                   Type           Power      Damage    Failure   Level
 Summon Small Mammal      Summ           0%         N/A       63%         1
 Call Canine Familiar     Summ           0%         N/A       94%         3
 Summon Guardian Golem    Hex/Summ       0%         N/A       94%         3


Dungeon Overview and Level Annotations

Branches:
Dungeon (5/15)
 Temple: D:4-7

Altars:
Ashenzari
Cheibriados
Fedhas
Gozag
Nemelex Xobeh
Uskayaw
Yredelemnul

Shops:
D:3 (

Annotations:
D:3 2 transporters, WLBjork's ghost, amateur DrTm
D:4 4 runed translucent doors, wilfster70's ghost, amateur GnCj


Innate Abilities, Weirdness & Mutations

You have a beak for a mouth.
You have claws for feet.
Your magical nature lets you fly swiftly and evasively.


Message History

You hit the hound. You peck the hound, but do no damage.
The hound is severely wounded.
The hound bites you. The water moccasin misses you.
The water moccasin closely misses you. The hound bites you.
The water moccasin barely misses you. The hound misses you.
You slash the water moccasin! Your kick misses the water moccasin.
Your peck misses the water moccasin.
The water moccasin is moderately wounded.
The water moccasin closely misses you. The hound barely misses you.
The water moccasin barely misses you. The hound bites you.
You completely miss the water moccasin.
You claw the water moccasin, but do no damage.
The water moccasin is moderately wounded.
The water moccasin bites you. The hound bites you.
The hound stops to sniff the ground.
The hound bites you. The hound barely misses you.
You slash the hound!
You kill the hound!
Trog accepts your kill.
You hit the water moccasin. You claw the water moccasin.
The water moccasin is heavily wounded.
The water moccasin bites you!
You are poisoned.
The water moccasin poisons you!
You miss the water moccasin.
The water moccasin is heavily wounded.
You feel very sick. The water moccasin bites you. The water moccasin bites you!
* * * LOW HITPOINT WARNING * * *
You slash the water moccasin! You claw the water moccasin!
The water moccasin is almost dead.
* * * LOW HITPOINT WARNING * * *
You feel sick. The water moccasin bites you.
* * * LOW HITPOINT WARNING * * *
You miss the water moccasin. You claw the water moccasin.
You kill the water moccasin!
Trog accepts your kill.
You die...

.# #......# .# #......# .#
########......# .#
#########..#..........#
.#....#..........#.........>#
.#....#..........'..........#
##....#..........#..........#
.#....#..........#..........#
.#....#######.##@#..........#####
.#....##...##.##†##+####+#......#
.#..............Z....+...#......#
.'.....................).........
.#.....................#########.
.###..##########.###.###..##((.##
...#..###...## #.##..#...##(#.#.#
...#.........# ..#...'._.#((.#(.#
...#.........+...#...#...##(#.#.#


You could see a bullfrog skeleton.

Vanquished Creatures
  A water moccasin (D:5)
  2 black bears
  A necrophage (D:4)
  An ogre (D:5)
  A water moccasin skeleton (D:4)
  2 bullfrog zombies
  2 hounds
  A human skeleton (D:4)
  4 orc wizards
  6 adders
  An adder skeleton (D:4)
  3 worms
  3 dart slugs
  11 orcs
  2 bats
  8 endoplasms
  2 giant cockroaches
  7 hobgoblins
  9 jackals
  4 quokkas
  4 ball pythons
  3 frilled lizards
  5 goblins
  A goblin skeleton (D:4)
  8 kobolds
  A kobold skeleton (D:4)
  6 rats
99 creatures vanquished.

Notes
Turn   | Place    | Note
-------+----------+-------------------------------------------
     0 | D:1      | DuloT34 the Tengu Berserker began the quest for the Orb.
     0 | D:1      | Reached XP level 1. HP: 14/14 MP: 2/2
   247 | D:1      | Found a faded altar of an unknown god.
   459 | D:1      | Reached XP level 2. HP: 19/19 MP: 3/3
  1006 | D:1      | You fall into a shaft and drop 1 floor!
  1052 | D:2      | Reached skill level 4 in Long Blades
  1052 | D:2      | Reached XP level 3. HP: 11/24 MP: 4/4
  1424 | D:2      | HP: 1/24 [poisoned by an adder]
  1596 | D:2      | Reached XP level 4. HP: 29/29 MP: 5/5
  1769 | D:2      | Found a snail-covered altar of Cheibriados.
  2987 | D:3      | Found a transporter.
  3011 | D:3      | Identified the +7 great mace "Tengu's Regret" {flame, rC+
                  | Will+ Int+4 Dex-4}
  3011 | D:3      | Noticed an ogre
  3011 | D:3      | Noticed WLBjork's ghost (amateur DrTm)
  3012 | D:3      | Noticed an ogre
  3094 | D:3      | Found a transporter.
  3113 | D:3      | Found Baebef's Weapon Shop.
  3707 | D:3      | Gained mutation: Your magical nature lets you fly swiftly
                  | and evasively. [Tengu growth]
  3707 | D:3      | Reached XP level 5. HP: 34/34 MP: 6/6
  3726 | D:3      | Reached ** piety under Trog
  3727 | D:3      | Reached skill level 5 in Long Blades
  4130 | D:4      | Noticed a black bear
  4134 | D:4      | Killed a black bear
  4135 | D:4      | Reached skill level 5 in Fighting
  4135 | D:4      | Reached XP level 6. HP: 40/40 MP: 7/7
  4168 | D:4      | Found a runed translucent door.
  4168 | D:4      | Noticed a human
  4175 | D:4      | Found a basalt altar of Yredelemnul.
  4175 | D:4      | Noticed a necrophage
  4191 | D:4      | Killed a necrophage
  4192 | D:4      | Reached skill level 6 in Long Blades
  4404 | D:4      | Found a blossoming altar of Fedhas.
  4413 | D:4      | Found a broken altar of Ashenzari.
  4599 | D:4      | Reached XP level 7. HP: 39/45 MP: 8/8
  4643 | D:4      | Found a runed translucent gate.
  4643 | D:4      | Found a runed translucent gate.
  4643 | D:4      | Found a runed translucent gate.
  4645 | D:4      | Found an opulent altar of Gozag.
  4647 | D:4      | Noticed wilfster70's ghost (amateur GnCj)
  5143 | D:4      | Found a sparkling altar of Nemelex Xobeh.
  5289 | D:5      | Entered Level 5 of the Dungeon
  5304 | D:5      | Reached skill level 7 in Long Blades
  5444 | D:5      | Noticed a +0 short sword
  5445 | D:5      | Noticed a +0 dagger
  5445 | D:5      | Noticed a +0 dagger
  5445 | D:5      | Noticed a +0 spear
  5445 | D:5      | Noticed a +0 falchion
  5447 | D:5      | Noticed a +0 falchion
  5447 | D:5      | Noticed a +0 spear
  5447 | D:5      | Noticed a +0 short sword
  5576 | D:5      | Found a hide-covered altar of Uskayaw.
  5600 | D:5      | HP: 2/47 [water moccasin (5)]
  5601 | D:5      | Succumbed to a water moccasin's poison

Illustrated notes

Levels and vault maps discovered:
D:1:      lightli_arrival_isolated_outpost, layout_basic,
          hellmonk_ecumenical_altar_pennies_from_heaven,
          serial_co_window_serial, co_window_of_opportunity_a,
          co_window_cross_1, co_window_corner_a, co_window_paths_b,
          co_window_paths_b, co_window_corner_a, co_window_corner_cb,
          co_window_cross_3, co_window_unsneaky_path_d,
          co_window_unsneaky_path_c, co_window_corner_b, co_window_2corner,
          glass_columns_a
D:2:      layout_basic, basic_altar, kennysheep_generic_room_11
D:3:      layout_basic, serial_shops, shop_statue, gammafunk_ghost_smash,
          minmay_misc_feat_five
D:4:      minmay_diamond_boxcup, layout_rooms, lemuel_doored_altar,
          general_overflow_altar, dk_yredelemnul_ordeal,
          cheibrodos_ashenzari_chains, ebering_ghost_gozag, chequers_garden
D:5:      layout_gridville, nicolae_uskayaw_en_pointe, serial_shops,
          nicolae_stop_n_shop_1

Skill      XL: |  1  2  3  4  5  6  7 |
---------------+----------------------+-----
Long Blades    | 4 5 6 7 |  7.4
Fighting       | 4 5 6 |  6.8
Armour         | |  2.1
Dodging        | |  2.1

Action                   |  1- 3 |  4- 6 |  7- 9 || total
-------------------------+-------+-------+-------++-------
Melee: Falchion          |    52 |   135 |    66 ||   253
       Kick              |    12 |    39 |    25 ||    76
       Peck              |     4 |    23 |     6 ||    33
       Punch             |       |     2 |     1 ||     3
Invok: Berserk           |     2 |     3 |     1 ||     6
  Use: Scroll            |     4 |     4 |       ||     8
       Potion            |     1 |       |       ||     1
 Stab: Sleeping          |     1 |       |       ||     1
Armor: Animal skin       |     8 |     4 |       ||    12
       Ring mail         |       |    27 |    14 ||    41
Dodge: Dodged            |    23 |    66 |    61 ||   150

Table legend: (Time is in decaauts)
 A = Elapsed time spent in this place.
 B = Non-inter-level travel time spent in this place.
 C = Inter-level travel time spent in this place.
 D = Time resting spent in this place.
 E = Time spent auto-exploring this place.
 F = Levels seen in this place.
 G = Mean time per level.
                   A        B        C        D        E       F      G
               +--------+--------+--------+--------+--------+-----+--------+
         Total |   5610 |   5406 |    204 |   2079 |   2599 |   5 | 1122.0 |
       Dungeon |   5610 |   5406 |    204 |   2079 |   2599 |   5 | 1122.0 |
               +--------+--------+--------+--------+--------+-----+--------+

Top non-repeatable levels by time:
     D:2: 1588 daAuts
     D:1: 1316 daAuts
     D:3: 1234 daAuts
     D:4: 1163 daAuts
     D:5: 308 daAuts
